 Dungeon Crawl Stone Soup version 0.29-a0-1047-g7c58e119a4 (webtiles) character file.

Game seed: 1795987424706000943

3959 ytrimaz the Thaumaturge (level 10, -3/65 HPs)
             Began as a Demonspawn Transmuter on Aug 17, 2022.
             Slain by a fire elemental (9 damage)
             ... summoned by a deep elf pyromancer
             ... on level 8 of the Dungeon.
             The game lasted 00:12:46 (12287 turns).

ytrimaz the Thaumaturge (Demonspawn Transmuter)    Turns: 12287, Time: 00:12:47

Health: -3/65      AC:  2    Str:  9    XL:     10   Next: 2%
Magic:  22/22      EV: 23    Int: 24    God:
Gold:   1499       SH:  0    Dex: 21    Spells: 15/25 levels left

rFire   . . .      SeeInvis .     - Unarmed
rCold   . . .      Faith    .   (shield currently unavailable)
rNeg    . . .      Spirit   .   (body armour currently unavailable)
rPois   x          Reflect  .   (helmet currently unavailable)
rElec   .          Harm     .   (cloak currently unavailable)
rCorr   .          Rampage  .   (gloves currently unavailable)
Will    +....                   (boots currently unavailable)
Stlth   ++........              i - amulet of magic regeneration
HPRegen 0.20/turn               h - +6 ring of dexterity
MPRegen 0.76/turn               a - +4 ring of evasion

@: about to teleport, spider-form, attractive
A: venomous fangs, tiny, (claws 2), (hooves 2), magic regeneration, clever 1,
clumsy 1, strong-willed 1
a: End Transformation


You were on level 8 of the Dungeon.
You were a venomous arachnid creature.
You visited 2 branches of the dungeon, and saw 9 of its levels.

You collected 1499 gold pieces.

Inventory:

Armour
 j - a +0 cloak (melded)
 w - +0 steam dragon scales (melded)
Jewellery
 a - a +4 ring of evasion (right front leg)
 e - a ring of ice
 h - a +6 ring of dexterity (left front leg)
 i - an amulet of magic regeneration (around neck)
 l - a +6 ring of dexterity
 q - a ring of fire
 s - a +6 ring of strength
Scrolls
 n - a scroll of teleportation
 v - a scroll of identify
Potions
 b - 2 potions of curing
 c - a potion of flight {unknown}
 f - 2 potions of haste
 g - 2 potions of attraction
 k - a potion of berserk rage {unknown}
 m - a potion of degeneration {unknown}
 p - a potion of mutation
 r - 2 potions of brilliance {unknown}
 t - 3 potions of resistance
 u - a potion of might {unknown}


   Skills:
 - Level 1.0 Fighting
 - Level 1.7 Dodging
 - Level 8.0 Unarmed Combat
 - Level 8.0 Spellcasting
 + Level 8.0 Transmutations


You had 15 spell levels left.
You knew the following spells:

 Your Spells              Type           Power      Damage    Failure   Level
a - Beastly Appendage     Tmut           96%        N/A       2%          1
b - Wereblood             Tmut           48%        N/A       3%          2
c - Spider Form           Tmut/Pois      29%        N/A       12%         3
d - Ice Form              Ice/Tmut       29%        N/A       28%         4

Your spell library contained the following spells:

 Spells                   Type           Power      Damage    Failure   Level
 Passwall                 Tmut/Erth      24%        N/A       8%          2
 Magic Dart               Conj           36%        1d4       17%         1
 Blade Hands              Tmut           24%        N/A       17%         5
 Ensorcelled Hibernation  Hex/Ice        18%        N/A       24%         2
 Searing Ray              Conj           18%        2d5       24%         2
 Portal Projectile        Hex/Tloc       18%        N/A       38%         3
 Swiftness                Air            9%         N/A       38%         3
 Tukima's Dance           Hex            9%         N/A       38%         3
 Fulminant Prism          Conj/Hex       4%         3d6       75%         4
 Hailstorm                Conj/Ice       9%         3d4       75%         4
 Simulacrum               Ice/Necr       4%         N/A       100%        6
 Borgnjor's Revivificati  Necr           4%         N/A       100%        8
 Necromutation            Tmut/Necr      14%        N/A       100%        8
 Death's Door             Necr           4%         N/A       100%        9


Dungeon Overview and Level Annotations

Branches:
Dungeon (8/15)             Temple (1/1) D:4
   Lair: D:8-11

Altars:
Ashenzari
Dithmenos
Fedhas
Gozag
Hepliaklqana
Kikubaaqudgha
Makhleb
Nemelex Xobeh
Okawaru
Ru
Sif Muna
Trog
Uskayaw
Vehumet
Wu Jian
Yredelemnul
Lugonu

Annotations:
D:7 1 runed translucent door, 2 transporters, exclusion: 6 doors, flotson's ghost, novice DsDe
D:8 exclusion: two-headed ogre


Innate Abilities, Weirdness & Mutations

You are a venomous arachnid creature.
You have poisonous fangs.
You are tiny and dextrous.
Your spellcasting is less reliable in this form.
Your armour is entirely melded.
You are incapable of wielding weapons or throwing items.
((You have very sharp fingernails.))
((You have hoof-like feet.))
You regenerate magic rapidly.
Your mind is acute. (Int +4, Str/Dex -1)
You are clumsy. (Dex -2)
You are strong-willed. (Will+)


Message History

The fire elemental hits you. The fire elemental burns you!
* * * LOW HITPOINT WARNING * * *
The gnoll misses you. The deep elf pyromancer misses you.
The fire elemental completely misses you.
You feel much better. The fire elemental misses you.
The gnoll completely misses you.
The deep elf pyromancer hits you but does no damage.
Unknown command.
As you read the scroll of teleportation, it crumbles to dust.
You feel strangely unstable. The fire elemental hits you.
The fire elemental burns you! The gnoll barely misses you.
The deep elf pyromancer gestures at you while chanting.
The sticky flame misses you.
Unknown command.
Unknown command.
You hit the deep elf pyromancer.
The deep elf pyromancer is lightly wounded.
The fire elemental hits you. The fire elemental burns you!
* * * LOW HITPOINT WARNING * * *
Unknown command.
You hit the deep elf pyromancer.
The deep elf pyromancer is poisoned.
The deep elf pyromancer is moderately wounded.
The fire elemental closely misses you.
The deep elf pyromancer hits you with a +0 rapier.
* * * LOW HITPOINT WARNING * * *
The gnoll completely misses you.
Unknown command.
You closely miss the deep elf pyromancer.
The deep elf pyromancer is moderately wounded.
The fire elemental completely misses you.
The deep elf pyromancer hits you with a +0 rapier.
* * * LOW HITPOINT WARNING * * *
The gnoll misses you.
The fire elemental completely misses you.
You barely miss the deep elf pyromancer.
The deep elf pyromancer is moderately wounded.
The deep elf pyromancer closely misses you.
The gnoll misses you. The fire elemental hits you.
The fire elemental burns you!
You die...

♣...♣♣♣♣♣.........♣
♣♣.♣ ♣♣♣♣♣.♣♣♣♣♣
############...######
..[...)..............
............#.....###
##########....###.#
###.## #S#
#.####E####.#
#..ges........
##############


You could see a deep elf pyromancer (very poisoned), a fire elemental
(summoned), a water moccasin and a gnoll.

Vanquished Creatures
  A hornet (D:8)
  6 yaks (D:8)
  A wyvern (D:7)
  A steam dragon (D:8)
  3 acid dragons (D:8)
  A black bear (D:5)
  An orc warrior (D:8)
  2 ice beasts (D:6)
  3 ogres
  2 centaurs
  A phantom (D:5)
  3 kobold brigands (D:8)
  A bullfrog (D:8)
  A necrophage (D:6)
  A gnoll sergeant (D:5)
  2 scorpions
  A wight (D:8)
  A howler monkey (D:7)
  2 hounds
  A gnoll bouda (D:6)
  2 jellies
  2 orc priests
  4 iguanas
  8 orc wizards
  11 gnolls
  9 adders
  A shadow imp (D:6)
  A white imp (D:7)
  An ufetubus (D:5)
  4 worms
  A dart slug (D:2)
  18 orcs
  10 ball pythons
  5 bats
  9 endoplasms
  2 giant cockroaches (D:1)
  5 goblins
  4 hobgoblins
  2 jackals (D:3)
  22 kobolds
  2 quokkas
  4 frilled lizards
  4 rats
166 creatures vanquished.

Vanquished Creatures (others)
  4 toadstools (D:6)
4 creatures vanquished.

Grand Total: 170 creatures vanquished

Notes
Turn   | Place    | Note
-------+----------+-------------------------------------------
     0 | D:1      | ytrimaz the Demonspawn Transmuter began the quest for the
                  | Orb.
     0 | D:1      | Reached XP level 1. HP: 15/15 MP: 3/3
   215 | D:1      | Discovered your monstrous ancestry.
   215 | D:1      | Gained mutation: You have sharp fingernails. [demonic
                  | ancestry]
   215 | D:1      | Reached XP level 2. HP: 12/21 MP: 3/5
   958 | D:2      | Gained mutation: You regenerate magic rapidly. [demonic
                  | ancestry]
   958 | D:2      | Reached XP level 3. HP: 23/26 MP: 3/6
  1071 | D:2      | Learned a level 2 spell: Wereblood
  1075 | D:2      | Learned a level 3 spell: Spider Form
  1359 | D:2      | Identified the +1 ring mail of the Foremost Priests
                  | {Rampage rPois Will- Dex+6}
  1364 | D:2      | Found a faded altar of an unknown god.
  2123 | D:3      | Reached XP level 4. HP: 32/32 MP: 8/8
  2362 | D:3      | Found an ornate altar of the Wu Jian Council.
  2447 | D:3      | Found a burning altar of Makhleb.
  2469 | D:3      | Noticed a green death
  3110 | D:3      | Found a blossoming altar of Fedhas.
  3191 | D:3      | Reached XP level 5. HP: 34/37 MP: 10/10
  3415 | D:4      | Learned a level 4 spell: Ice Form
  3725 | D:4      | Found a staircase to the Ecumenical Temple.
  3779 | Temple   | Entered the Ecumenical Temple
  4393 | D:4      | Found a sparkling altar of Nemelex Xobeh.
  4769 | D:4      | Identified a scroll of acquirement
  4781 | D:5      | Entered Level 5 of the Dungeon
  4944 | D:5      | Reached XP level 6. HP: 12/43 MP: 6/13
  5417 | D:5      | Reached skill level 5 in Unarmed Combat
  5417 | D:5      | Reached skill level 5 in Spellcasting
  5634 | D:5      | Lost mutation: You have razor-sharp toenails. [demonic
                  | ancestry]
  5634 | D:5      | Lost mutation: You have sharp toenails. [demonic ancestry]
  5634 | D:5      | Gained mutation: You have large cloven feet. [demonic
                  | ancestry]
  5634 | D:5      | Reached XP level 7. HP: 18/48 MP: 13/15
  6791 | D:5      | Found a hide-covered altar of Uskayaw.
  6879 | D:5      | Gained mutation: You sometimes lose your temper in combat.
                  | [potion of mutation]
  7431 | D:6      | Gained mutation: You have hoof-like feet. [demonic
                  | ancestry]
  7431 | D:6      | Reached XP level 8. HP: 20/54 MP: 17/17
  7654 | D:6      | Lost mutation: You sometimes lose your temper in combat.
                  | [potion of mutation]
  7654 | D:6      | Gained mutation: You do not regenerate when monsters are
                  | visible. [potion of mutation]
  7654 | D:6      | Gained mutation: You expend magic power (3 MP) to
                  | strengthen your wands. [potion of mutation]
  7655 | D:6      | Lost mutation: You expend magic power (3 MP) to strengthen
                  | your wands. [potion of mutation]
  7655 | D:6      | Lost mutation: You do not regenerate when monsters are
                  | visible. [potion of mutation]
  7655 | D:6      | Gained mutation: Your mind is acute. (Int +4, Str/Dex -1)
                  | [potion of mutation]
  7655 | D:6      | Gained mutation: You are clumsy. (Dex -2) [potion of
                  | mutation]
  7655 | D:6      | Gained mutation: You are strong-willed. (Will+) [potion of
                  | mutation]
  7658 | D:6      | Acquired 969 gold pieces
  8953 | D:7      | Noticed flotson's ghost (novice DsDe)
  8954 | D:7      | Found a runed translucent door.
  8976 | D:7      | Found an iron altar of Okawaru.
  9585 | D:7      | Found a bloodstained altar of Trog.
  9585 | D:7      | Found a sacrificial altar of Ru.
  9925 | D:7      | Found a transporter.
  9925 | D:7      | Found a transporter.
  9936 | D:7      | Noticed a slime creature
  9936 | D:7      | Noticed a purple ugly thing
  9938 | D:7      | Found a shimmering blue altar of Sif Muna.
 10435 | D:8      | Reached XP level 9. HP: 39/59 MP: 20/20
 10687 | D:8      | Noticed a two-headed ogre
 10754 | D:8      | HP: 3/70 [yak (13)]
 10760 | D:8      | Reached skill level 5 in Transmutations
 12160 | D:8      | Gained mutation: You have very sharp fingernails. [demonic
                  | ancestry]
 12160 | D:8      | Reached XP level 10. HP: 30/65 MP: 22/22
 12229 | D:8      | Noticed a deep elf pyromancer
 12287 | D:8      | Slain by a fire elemental

Illustrated notes

Levels and vault maps discovered:
D:1:      saegor_arrival_simple_e, layout_rooms, chequers_avenue,
          minmay_misc_feat_rugged
D:2:      layout_loops_ring, ebering_ecumenical_altar_webs
D:3:      layout_loops_corners, mainiacjoe_overflow_tiny_flanked,
          general_overflow_altar, makhleb_altar_promises_db,
          wander_ebering_terrifying_dragon_lair
D:4:      layout_basic, nemelex_diamond_rough_becter, kennysheep_mini,
          minmay_temple_entry_nine_rooms
D:5:      layout_loops_ring, lemuel_doored_altar,
          minmay_a_box_with_orc_wizards_in_it
D:6:      nicolae_cairo_tiling_very_big, layout_loops_ring,
          minmay_gold_behind_fungi
D:7:      layout_loops_corners, okawaru_trees_1,
          gammafunk_temple_overflow_arena, mainiacjoe_overflow_paths,
          minitemple, hellmonk_ghost_happy_afterlife, eino_jars
D:8:      nzn_winding_woodlands_medium [nzn_winding_woodlands_5x5_three,
          nzn_winding_woodlands_5x15_cabin, nzn_winding_woodlands_5x5_default,
          nzn_winding_woodlands_5x5_cross,
          nzn_winding_woodlands_center_pierced_h,
          nzn_winding_woodlands_5x5_perimeter,
          nzn_winding_woodlands_5x5_open_star,
          nzn_winding_woodlands_5x15_default, nzn_winding_woodlands_hourglass],
          layout_loops_ring, serial_shops, shop, kennysheep_generic_room_14
Temple:   corrupted_temple

Skill      XL: |  1  2  3  4  5  6  7  8  9 |
---------------+----------------------------+-----
Unarmed Combat | 3 4 5 6 7 8 |  8.0
Spellcasting   | 3 4 5 6 7 8 |  8.0
Transmutations | 2 3 8 |  8.0
Fighting       | |  1.0
Dodging        | |  1.7

Action                   |  1- 3 |  4- 6 |  7- 9 | 10-12 || total
-------------------------+-------+-------+-------+-------++-------
Melee: Unarmed           |    95 |   156 |   299 |    11 ||   561
       Kick              |    14 |    24 |    22 |       ||    60
       Headbutt          |    10 |    17 |     9 |       ||    36
       Punch             |       |     2 |       |       ||     2
 Cast: Beastly Appendage |    26 |    26 |     8 |       ||    60
       Wereblood         |       |     3 |     7 |       ||    10
       Spider Form       |       |     3 |    19 |     1 ||    23
       Ice Form          |       |       |     7 |       ||     7
  Use: Scroll            |     5 |     6 |     8 |     1 ||    20
       Potion            |       |     2 |     7 |     2 ||    11
 Stab: Sleeping          |     1 |     3 |     3 |       ||     7
Armor: Robe              |    27 |    35 |    16 |       ||    78
       Skin              |       |    12 |    27 |     7 ||    46
Dodge: Dodged            |    61 |    97 |   233 |    22 ||   413

Table legend: (Time is in decaauts)
 A = Elapsed time spent in this place.
 B = Non-inter-level travel time spent in this place.
 C = Inter-level travel time spent in this place.
 D = Time resting spent in this place.
 E = Time spent auto-exploring this place.
 F = Levels seen in this place.
 G = Mean time per level.
                   A        B        C        D        E       F      G
               +--------+--------+--------+--------+--------+-----+--------+
         Total |  12234 |  11920 |    314 |   3389 |   6824 |   9 | 1359.3 |
       Dungeon |  12185 |  11884 |    301 |   3389 |   6796 |   8 | 1523.1 |
        Temple |     48 |     35 |     13 |      0 |     28 |   1 |   48.0 |
               +--------+--------+--------+--------+--------+-----+--------+

Top non-repeatable levels by time:
     D:5: 2511 daAuts
     D:8: 1847 daAuts
     D:6: 1600 daAuts
     D:7: 1488 daAuts
     D:4: 1374 daAuts
     D:3: 1303 daAuts
     D:2: 1149 daAuts
     D:1: 910 daAuts
  Temple: 48 daAuts
